 Dungeon Crawl Stone Soup version 0.13.1-25-g341c717 (webtiles) character file.

12186 awizardirl the Conjurer (level 11, -2/60 HPs)
             Began as a Tengu Conjurer on Jan 21, 2014.
             Was a High Priest of Vehumet.
             Slain by a six-headed hydra skeleton (6 damage)
             ... on Level 11 of the Dungeon.
             The game lasted 01:57:31 (10852 turns).

awizardirl the Conjurer (Tengu Conjurer)           Turns: 10852, Time: 01:57:31

HP  -2/60        AC  3     Str  9      XL: 11   Next: 80%
MP  25/29        EV 13     Int 18      God: Vehumet [*****.]
Gold 602         SH 12     Dex 15      Spells:  9 memorised,  7 levels left

Res.Fire  : . . .   See Invis. : .   (no weapon)
Res.Cold  : . . .   Warding    : .   a - +0 robe (curse)
Life Prot.: . . .   Conserve   : .   y - +1 buckler (curse)
Res.Poison: .       Res.Corr.  : .   (helmet restricted)
Res.Elec. : .       Clarity    : .   (no cloak)
Sust.Abil.: . .     Spirit.Shd : .   x - +0 pair of gloves (curse)
Res.Mut.  : .       Stasis     : .   (boots unavailable)
Res.Rott. : .       Flight     : .   (no amulet)
Saprovore : . . .                    (no ring)
                                     f - cursed ring of protection from magic

@: very slightly contaminated, quite resistant to hostile enchantments, stealthy
A: able to fly, beak, talons 3
a: Fly, Renounce Religion


You were on level 11 of the Dungeon.
You worshipped Vehumet.
Vehumet was extremely pleased with you.
You were hungry.

You visited 2 branches of the dungeon, and saw 12 of its levels.
You also visited: Ossuary and Bailey.

You collected 582 gold pieces.

Inventory:

Hand weapons
 r - a cursed +0,+0 orcish falchion
 G - a +1,+0 hand axe of returning (quivered)
Missiles
 m - 2 darts
 D - 3 darts of frost
 E - 20 poisoned needles
Armour
 a - a cursed +0 robe (worn)
 x - a cursed +0 pair of gloves (worn)
 y - a cursed +1 buckler (worn)
Magical devices
 s - a wand of draining (5)
 z - a wand of frost (6)
 J - a wand of fire (5)
Comestibles
 b - 6 bread rations
 h - 5 meat rations
 A - 3 strawberries
 F - a choko
 H - an apple
 I - a rotting chunk of iguana flesh
 M - a pear
 O - 2 chunks of hill giant flesh
Scrolls
 e - 6 scrolls of remove curse
 o - a scroll of amnesia
 p - a scroll of blinking
 v - 2 scrolls of enchant armour
 B - 3 scrolls of recharging
 P - 2 scrolls of identify
Jewellery
 f - a cursed ring of protection from magic (left hand)
Potions
 g - 8 potions of curing
 i - a potion of agility
 k - a potion of flight
 n - a potion of might {unknown}
 q - a potion of berserk rage {unknown}
 t - a potion of restore abilities
 u - a potion of speed {unknown}
 C - 3 potions of magic
Books
 c - a book of Conjurations

   Spells                             Type                      Level
   *Magic Dart                        Conjuration                  1
   *Searing Ray                       Conjuration                  2
   *Dazzling Spray                    Conjuration/Hexes            3
   *Iskenderun's Mystic Blast         Conjuration                  4
   *Iskenderun's Battlesphere         Conjuration/Charms           4
   Fulminant Prism                    Conjuration/Hexes            5
 d - a Young Poisoner's Handbook

   Spells                             Type                      Level
   Sting                              Conjuration/Poison           1
   Cure Poison                        Poison                       2
   *Mephitic Cloud                    Conjuration/Poison/Air       3
   Olgreb's Toxic Radiance            Poison                       4
   Venom Bolt                         Conjuration/Poison           5
 w - a book of War Chants

   Spells                             Type                      Level
   Fire Brand                         Charms/Fire                  2
   Freezing Aura                      Charms/Ice                   2
   Shroud of Golubria                 Charms/Translocation         2
   *Repel Missiles                    Charms/Air                   2
   Poison Weapon                      Charms/Poison                3
   Regeneration                       Charms/Necromancy            3
 K - a book of Changes

   Spells                             Type                      Level
   Beastly Appendage                  Transmutation                1
   Sticks to Snakes                   Transmutation                2
   Spider Form                        Transmutation/Poison         3
   Ice Form                           Ice/Transmutation            4
   Blade Hands                        Transmutation                5
 N - a book of Fire

   Spells                             Type                      Level
   Fire Brand                         Charms/Fire                  2
   Ignite Poison                      Fire/Transmutation           5
   Fireball                           Conjuration/Fire             5
   Bolt of Fire                       Conjuration/Fire             6
   Delayed Fireball                   Conjuration/Fire             7
   Ring of Flames                     Charms/Fire                  7


   Skills:
 * Level 6.0 Fighting
 + Level 3.5 Dodging
 + Level 3.4 Stealth
 - Level 5.1 Shields
 - Level 0.2 Unarmed Combat
 + Level 10.0 Spellcasting
 * Level 13.1 Conjurations
 - Level 0.1 Hexes
 - Level 3.6 Charms
 * Level 4.8 Fire Magic
 - Level 1.0 Air Magic
 - Level 0.2 Poison Magic
 + Level 1.8 Evocations


You had 7 spell levels left.
You knew the following spells:

 Your Spells              Type           Power        Failure   Level  Hunger
a - Magic Dart            Conj           ####         1%          1    None
b - Iskenderun's Battles  Conj/Chrm      #####...     1%          4    ###....
c - Mephitic Cloud        Conj/Pois/Air  ####....     1%          3    None
d - Dazzling Spray        Conj/Hex       ####....     1%          3    None
e - Repel Missiles        Chrm/Air       ###.......   6%          2    None
f - Flame Tongue          Conj/Fire      #####        1%          1    None
g - Inner Flame           Hex/Fire       ###.....     3%          3    None
s - Searing Ray           Conj           ######       1%          2    None
x - Iskenderun's Mystic   Conj           ######..     1%          4    ###....


Dungeon Overview and Level Annotations

Branches:
Dungeon (11/27)            Temple (1/1) D:4            Lair (0/8) D:11
    Orc: D:6-11

Altars:
Ashenzari
Cheibriados
Elyvilon
Fedhas
Kikubaaqudgha
Makhleb
Nemelex Xobeh
Okawaru
Sif Muna
Trog
Vehumet
Xom
Yredelemnul
Zin
the Shining One

Annotations:
D:9 Erolcha
D:11 exclusion: oklob sapling


Innate Abilities, Weirdness & Mutations

You can fly.
You have a beak for a mouth.
You have claws for feet.


Message History

Evoke which item? (* to show all) (? for menu, Esc to quit)
Zapping:
J - a wand of fire {zapped: 2}
Press: ? - help, Shift-Dir - straight line, f/p - six-headed hydra skeleton
Aim: a six-headed hydra skeleton (magical condensation)
The bolt of fire hits the six-headed hydra skeleton.
Evoke which item? (* to show all) (? for menu, Esc to quit)
Zapping:
J - a wand of fire {zapped: 3}
Press: ? - help, Shift-Dir - straight line, f/p - six-headed hydra skeleton
Aim: a six-headed hydra skeleton (magical condensation)
The bolt of fire hits the six-headed hydra skeleton.
The six-headed hydra skeleton barely misses you.
The six-headed hydra skeleton bites you!
* * * LOW HITPOINT WARNING * * *
The six-headed hydra skeleton bites you!
* * * LOW HITPOINT WARNING * * *
The six-headed hydra skeleton bites you.
* * * LOW HITPOINT WARNING * * *
The six-headed hydra skeleton barely misses you.
The six-headed hydra skeleton bites you.
You die...

###..#####....#....####..........
...............#..Z...#..........
........##...[..#...##...........
.)...................#......(....
.........#........>.#...)........
......#.##....##.....#...........
........#.....####..###).).......
###..##..#...(####.####....###...
# #..##.##....#Z@#........## ##..
#+#.#.#.##.....########...# #..
........##.....##### #<.## #..
.........#)...##.#.####.## ##..
..≈...^...........>......# ##...
..≈##.#..#................###....
.≈≈#.....#............##.....)...
.≈.##.#.##.........(..###........
..P##+..##...........## ##.......


You could see a six-headed hydra skeleton.

Vanquished Creatures
  An orc knight (Bailey)
  3 hill giants
  4 wandering mushrooms (D:11)
  2 wraiths
  5 yaks (D:10)
  A shadow (D:11)
  3 hippogriffs (D:10)
  A wolf (D:8)
  A hungry ghost (D:11)
  A hill giant skeleton (D:8)
  3 manticores
  A necrophage (D:9)
  4 ice beasts
  A black bear (D:7)
  5 ogres
  11 orc warriors
  A sky beast (D:6)
  4 boring beetles (D:11)
  Sigmund (D:2)
  Blork the orc (D:6)
  5 giant frogs
  5 gnoll sergeants (D:8)
  A yak zombie (D:10)
  A troll skeleton (D:8)
  4 centaurs
  8 wights
  9 killer bees
  4 centaur zombies (Ossuary)
  6 crimson imps
  4 gnoll shamans (D:8)
  2 jellies
  3 scorpions
  11 hounds
  A giant frog zombie (D:11)
  4 iguanas
  5 orc priests
  9 orc wizards
  7 worker ants
  2 big kobold zombies (Ossuary)
  5 mummies (Ossuary)
  A hound zombie (D:5)
  A worker ant zombie (D:6)
  10 adders
  41 gnolls
  A giant mite (D:10)
  An inept item mimic (D:10)
  2 worms
  An adder zombie (D:7)
  An iguana skeleton (D:8)
  An iguana zombie (D:5)
  6 giant geckos
  An ooze (D:1)
  31 orcs
  3 ball pythons
  A bat skeleton (D:5)
  A bat zombie (D:7)
  17 hobgoblins
  3 quokkas
  9 bats
  4 giant cockroaches
  A giant eyeball (D:7)
  4 giant newts
  14 goblins
  2 hobgoblin zombies (Ossuary)
  24 jackals
  32 kobolds
  An orc skeleton (D:4)
  16 rats
  A rat skeleton (D:6)
381 creatures vanquished.

Notes
Turn   | Place    | Note
--------------------------------------------------------------
     0 | D:1      | awizardirl, the Tengu Conjurer, began the quest for the Orb.
     0 | D:1      | Reached XP level 1. HP: 10/10 MP: 3/3
   311 | D:1      | Reached XP level 2. HP: 15/15 MP: 3/5
   315 | D:1      | Learned a level 2 spell: Searing Ray
   595 | D:1      | plate armor on d1
   595 | D:1      | as a kecj
   619 | D:1      | of course
   894 | D:2      | Reached XP level 3. HP: 19/19 MP: 1/7
  1087 | D:2      | Reached skill level 6 in Conjurations
  1251 | D:2      | Learned a level 3 spell: Dazzling Spray
  1488 | D:2      | Reached XP level 4. HP: 24/24 MP: 6/9
  1518 | D:2      | Noticed Sigmund
  1534 | D:2      | Killed Sigmund
  1534 | D:2      | Reached XP level 5. HP: 5/28 MP: 0/12
  1627 | D:2      | hehe that was close
  1962 | D:3      | Learned a level 3 spell: Mephitic Cloud
  2659 | D:3      | Reached XP level 6. HP: 26/32 MP: 9/15
  2702 | D:4      | Found a staircase to the Ecumenical Temple.
  2718 | Temple   | Entered the Ecumenical Temple
  2851 | Temple   | Became a worshipper of Vehumet
  3063 | D:4      | Reached skill level 7 in Conjurations
  3178 | D:4      | Learned a level 4 spell: Iskenderun's Battlesphere
  3408 | D:4      | Noticed an ogre
  3426 | D:4      | Killed an ogre
  3616 | D:4      | Acquired Vehumet's first power
  3616 | D:4      | Offered knowledge of Flame Tongue by Vehumet.
  3651 | D:4      | Noticed an orc warrior
  3703 | D:4      | Noticed an ogre
  3719 | D:4      | Killed an orc warrior
  3719 | D:4      | Reached XP level 7. HP: 32/36 MP: 8/18
  3749 | D:4      | Learned a level 1 spell: Flame Tongue
  3771 | D:4      | Killed an ogre
  3771 | D:4      | Reached skill level 5 in Spellcasting
  3771 | D:4      | Reached skill level 1 in Charms
  3804 | D:4      | Reached skill level 8 in Conjurations
  4124 | D:5      | Entered Level 5 of the Dungeon
  4177 | D:5      | Found a sand-covered staircase.
  4185 | Ossuary  | Entered an ossuary
  4223 | Ossuary  | Reached skill level 1 in Fighting
  4433 | Ossuary  | Reached XP level 8. HP: 30/42 MP: 7/21
  4623 | Ossuary  | Offered knowledge of Freeze by Vehumet.
  4826 | D:5      | Learned a level 4 spell: Iskenderun's Mystic Blast
  5185 | D:6      | Reached skill level 9 in Conjurations
  5240 | D:6      | Reached skill level 1 in Shields
  5702 | D:6      | Noticed Blork the orc
  5711 | D:6      | Reached XP level 9. HP: 37/48 MP: 18/23
  5715 | D:6      | Learned a level 2 spell: Repel Missiles
  5748 | D:6      | Offered knowledge of Static Discharge by Vehumet.
  5802 | D:6      | Killed Blork the orc
  6419 | D:6      | Acquired Vehumet's second power
  6571 | D:7      | Found a snail-covered altar of Cheibriados.
  6781 | D:7      | Offered knowledge of Inner Flame by Vehumet.
  6783 | D:7      | Found a flagged portal.
  6798 | Bailey   | Entered a bailey
  6817 | Bailey   | Noticed an orc knight
  6826 | Bailey   | Killed an orc knight
  6826 | Bailey   | Reached skill level 10 in Conjurations
  6835 | Bailey   | Reached skill level 1 in Fire Magic
  6853 | Bailey   | Acquired Vehumet's third power
  7117 | D:7      | Learned a level 3 spell: Inner Flame
  7174 | D:7      | Offered knowledge of Lightning Bolt by Vehumet.
  7402 | D:7      | Reached XP level 10. HP: 54/54 MP: 17/26
  7583 | D:8      | Reached skill level 11 in Conjurations
  7994 | D:8      | Offered knowledge of Lee's Rapid Deconstruction by Vehumet.
  8903 | D:9      | Noticed Erolcha
  8916 | D:9      | d9 has erolcha
  8917 | D:10     | Entered Level 10 of the Dungeon
  9019 | D:10     | Reached skill level 1 in Evocations
  9248 | D:10     | Noticed a hill giant
  9250 | D:10     | Killed a hill giant
  9250 | D:10     | Reached skill level 5 in Shields
  9250 | D:10     | Reached skill level 12 in Conjurations
  9381 | D:10     | Reached XP level 11. HP: 59/59 MP: 12/28
  9429 | D:10     | Reached skill level 5 in Fighting
  9438 | D:10     | Noticed a hill giant
  9456 | D:10     | Killed a hill giant
  9607 | D:10     | Offered knowledge of Sticky Flame by Vehumet.
  9636 | D:10     | Reached skill level 1 in Air Magic
 10498 | D:11     | Reached skill level 10 in Spellcasting
 10501 | D:11     | Found a blossoming altar of Fedhas.
 10658 | D:11     | Found a staircase to the Lair.
 10717 | D:11     | Noticed a hill giant
 10725 | D:11     | Killed a hill giant
 10728 | D:11     | Reached skill level 13 in Conjurations
 10852 | D:11     | Slain by a six-headed hydra skeleton

Action                   |  1- 3 |  4- 6 |  7- 9 | 10-12 || total
-------------------------+-------+-------+-------+-------++-------
Melee: Unarmed           |    14 |    16 |    17 |    17 ||    64
 Cast: Magic Dart        |    55 |    62 |   189 |   267 ||   573
       Searing Ray       |     8 |    20 |    19 |       ||    47
       Dazzling Spray    |       |     3 |     3 |     1 ||     7
       Mephitic Cloud    |       |     5 |     5 |     4 ||    14
       Flame Tongue      |       |       |    38 |    52 ||    90
       Iskenderun's Batt |       |       |    36 |    57 ||    93
       Iskenderun's Myst |       |       |     6 |    19 ||    25
       Inner Flame       |       |       |     2 |    26 ||    28
       Repel Missiles    |       |       |       |     2 ||     2
 Abil: Fly               |       |       |     2 |     1 ||     3
Evoke: Wand              |       |     1 |     5 |    13 ||    19
  Use: Scroll            |     3 |     5 |    13 |     9 ||    30
       Potion            |       |     1 |     2 |     3 ||     6
 Stab: Sleeping          |     1 |       |     1 |       ||     2
